 Dungeon Crawl Stone Soup version 0.31.0-9-g3a7656b989 (webtiles) character file.

Game seed: 14897996262131558676

25970 hikkokomori the Fighter (level 13, -1/84 HPs)
             Began as a Gargoyle Alchemist on Jan 24, 2024.
             Was a High Priest of Vehumet.
             Slain by a +2 vampiric glaive (31 damage)
             ... on level 1 of the Elven Halls.
             The game lasted 00:39:34 (11007 turns).

hikkokomori the Fighter (Gargoyle Alchemist)       Turns: 11007, Time: 00:39:34

Health: -1/84      AC: 18    Str: 13    XL:     13   Next: 23%
Magic:  5/33       EV: 12    Int: 32    God:    Vehumet [*****.]
Gold:   367        SH:  0    Dex: 10    Spells: 9/32 levels left

rFire   . . .        J - +6 Majin-Bo {spellvamp, MP+6 Int+6}
rCold   . . .        (no shield)
rNeg    + . .        R - +0 troll leather armour
rPois   ∞            y - +2 helmet
rElec   +            C - +1 cloak
rCorr   .            (no gloves)
SInv    .            (no boots)
Will    +....        B - amulet of magic regeneration
Stlth   +++          a - ring of willpower
HPRegen 1.14/turn    n - +6 ring of intelligence
MPRegen 0.63/turn

%: no passive effects
@: no status effects
A: sickness immunity, AC +9, negative energy resistance 1, electricity
resistance, torment resistance 1, petrification resistance
a: Renounce Religion


You were on level 1 of the Elven Halls.
You worshipped Vehumet.
Vehumet was extremely pleased with you.
You visited 4 branches of the dungeon, and saw 14 of its levels.
You also visited: Bailey.

You collected 767 gold pieces.
You spent 400 gold pieces at shops.

Inventory:

Hand Weapons
 E - the +5 scimitar of the Fifty Prophets {pain, rPois rCorr Int-3 SInv}
   (You found it on level 5 of the Dungeon)

   Int-3:     It affects your intelligence (-3).
   rPois:     It protects you from poison SInv: It lets you see invisible.
   rCorr:     It protects you from acid and corrosion.
 H - a +4 dagger
 J - the +6 Majin-Bo (weapon) {spellvamp, MP+6 Int+6}
   (You found it on level 6 of the Dungeon)

   Int+6:     It affects your intelligence (+6).
   MP+6:      It affects your magic capacity (+6).
 O - a +0 dagger of venom
Missiles
 K - 4 throwing nets
Armour
 y - a +2 helmet (worn)
 C - a +1 cloak (worn)
 L - a +3 leather armour
 N - +0 steam dragon scales
 R - a +0 troll leather armour (worn)
 S - a scarf of harm
Magical Staves
 c - a staff of air
 q - a staff of alchemy
Jewellery
 a - a ring of willpower (left hand)
 d - an amulet of the acrobat
 h - a ring of resist corrosion
 k - a ring of see invisible
 n - a +6 ring of intelligence (right hand)
 B - an amulet of magic regeneration (around neck)
 D - the ring "Itza" {Ice rPois Str+4 Int-5}
   (You took it off a gnoll bouda in a bailey)

   [ring of ice]

   Ice:       It enhances your ice magic.
   Str+4:     It affects your strength (+4).
   Int-5:     It affects your intelligence (-5).
   rF-:       It makes you vulnerable to fire.
   rC+:       It protects you from cold.
   rPois:     It protects you from poison
 I - an amulet of guardian spirit
 U - a +5 ring of evasion
Wands
 t - a wand of iceblast (13)
 u - a wand of flame (13)
 F - a wand of digging (5)
 M - a wand of polymorph (19)
Scrolls
 f - a scroll of amnesia
 i - a scroll of revelation
 j - 7 scrolls of teleportation
 l - a scroll of noise
 m - a scroll of fear {unknown}
 o - a scroll of vulnerability
 s - 3 scrolls of blinking
 w - 2 scrolls of poison
 P - 2 scrolls of immolation
 Q - a scroll of acquirement {unknown}
 V - a scroll of enchant armour
Potions
 b - a potion of magic
 e - 2 potions of curing
 g - 3 potions of heal wounds
 p - 2 potions of degeneration {unknown}
 r - 2 potions of lignification
 v - a potion of ambrosia {unknown}
 x - 4 potions of haste
 z - 3 potions of cancellation
 A - 3 potions of mutation {unknown}
 G - 2 potions of resistance {unknown}
Miscellaneous
 T - a lightning rod (2/4)


   Skills:
 + Level 11.1 Fighting
 - Level 7.3 Staves
 + Level 3.7 Armour
 + Level 3.4 Dodging
 - Level 7.0 Stealth
 + Level 10.2 Spellcasting
 - Level 3.7 Conjurations
 - Level 4.5 Fire Magic
 - Level 2.5 Air Magic
 - Level 9.2 Earth Magic
 - Level 6.8 Alchemy


You had 9 spell levels left.
You knew the following spells:

 Your Spells              Type           Power      Damage    Failure   Level
a - Sting                 Conj/Alch      100%       1d9       1%          1
b - Mercury Vapours       Alch/Air       92%        N/A       1%          2
c - Mephitic Cloud        Conj/Alch/Air  44%        N/A       1%          3
d - Olgreb's Toxic Radia  Alch           57%        N/A       1%          4
e - Sticky Flame          Fire/Alch      51%        2d9       1%          4
f - Lee's Rapid Deconstr  Erth           33%        3d17*     1%          5
g - Iskenderun's Mystic   Conj/Tloc      28%        2d7       4%          4

Your spell library contained the following spells:

 Spells                   Type           Power      Damage    Failure   Level
 Flame Wave               Conj/Fire      42%        2d11      1%          4
 Momentum Strike          Conj/Tloc      56%        3d9       1%          2
 Slow                     Hex            64%        N/A       3%          1
 Blink                    Tloc           32%        N/A       5%          2
 Lesser Beckoning         Tloc           32%        N/A       5%          2
 Animate Armour           Summ/Erth      90%        N/A       5%          4
 Confusing Touch          Hex            16%        N/A       11%         3
 Fugue of the Fallen      Necr           16%        N/A       11%         3
 Ozocubu's Armour         Ice            16%        N/A       11%         3
 Sigil of Binding         Hex            16%        N/A       11%         3
 Vampiric Draining        Necr           16%        2d7       11%         3
 Summon Lightning Spire   Summ/Air       24%        N/A       22%         4
 Manifold Assault         Tloc           16%        N/A       36%         4


Dungeon Overview and Level Annotations

Branches:
Dungeon (10/15)            Temple (1/1) D:5             Orc (2/2) D:10
    Elf (1/3) Orc:2        Bailey (visited)
   Lair: D:8-11

Altars:
Ashenzari
Cheibriados
Elyvilon
Fedhas
Gozag
Hepliaklqana
Kikubaaqudgha
Makhleb
Okawaru
Qazlal
Ru
Sif Muna
Trog
Uskayaw
Vehumet
Xom
Zin
The Shining One

Shops:
D:7 [   Orc:2 =(**

Annotations:
D:2 1 runed translucent door, Crazy Yiuf
D:4 2 runed translucent doors, Strat's ghost, weakling GrFi


Innate Abilities, Weirdness & Mutations

You are immune to sickness and miasma.
Your stone body is resilient. (AC +9)
You are immune to poison.
You resist negative energy. (rN+)
You are resistant to electric shocks. (rElec)
You are resistant to unholy torment.
You are immune to petrification.


Message History

Aiming: Lee's Rapid Deconstruction (dangerous; 1% risk of failure)
Press: ? - help, Dir - move target A granite statue.
The statue shatters!
The blast of rock fragments hits the +2 vampiric glaive!
The +2 vampiric glaive is severely damaged.
The +2 vampiric glaive hits you from afar.
The +2 vampiric glaive hits you but does no damage.
Unknown command.
Press: ? - help, v - describe, . - travel
Here: a +2 vampiric glaive (severely damaged)
The floor.
Casting: Lee's Rapid Deconstruction (dangerous; 1% risk of failure)
Confirm with . or Enter, or press ? or * to list all spells.
Aiming: Lee's Rapid Deconstruction (dangerous; 1% risk of failure)
Press: ? - help, Dir - move target A granite statue.
The statue shatters!
The blast of rock fragments hits the +2 vampiric glaive!
The +2 vampiric glaive is almost destroyed.
The +2 vampiric glaive hits you from afar!
Unknown command.
Unknown command.
Casting: Lee's Rapid Deconstruction (dangerous; 1% risk of failure)
Confirm with . or Enter, or press ? or * to list all spells.
Aiming: Lee's Rapid Deconstruction (dangerous; 1% risk of failure)
Press: ? - help, Dir - move target A granite statue.
The statue shatters!
The blast of rock fragments hits the +2 vampiric glaive but does no damage.
The +2 vampiric glaive is almost destroyed.
The +2 vampiric glaive hits you but does no damage.
Unknown command.
Casting: Lee's Rapid Deconstruction (dangerous; 1% risk of failure)
Confirm with . or Enter, or press ? or * to list all spells.
You don't have enough magic to cast this spell.
Unknown command.
Okay, then.
The +2 vampiric glaive hits you from afar!!
You die...

#.....8..
##........
#.........
#.........
#..8...[.8
#..)......
#....8....
#.@[(.....
#....8....
#..[.[.[..
#..8.....8
#...[[..$.
#.........
##........
#.....8..


You could see a +2 vampiric glaive.

Vanquished Creatures
  A deep elf sorcerer (Elf:1)
  An orc warlord (Orc:2)
  3 two-headed ogres
  5 orc high priests (Orc:2)
  6 orc knights
  An orc sorcerer (Orc:2)
  5 deep elf zephyrmancers (Elf:1)
  2 deep elf pyromancers (Elf:1)
  3 kobold blastminers
  An unseen horror (D:10)
  3 trolls (Orc:1)
  2 raiju (D:9)
  Sigmund (D:2)
  A vampire (D:10)
  10 yaks
  2 wyverns
  A shadow (D:10)
  A warg (Orc:1)
  A steam dragon (D:7)
  Duvessa (D:7)
  A water moccasin (D:8)
  2 sky beasts
  37 orc warriors
  A black bear (D:5)
  7 ogres
  5 wolves (Bailey)
  2 centaurs
  2 phantoms
  6 bullfrogs
  9 gnoll sergeants
  3 scorpions
  8 wights
  Dowan (D:7)
  2 jellies
  3 howler monkeys (D:9)
  5 electric eels (D:9)
  A bombardier beetle (D:5)
  5 hounds
  21 orc priests
  7 gnoll boudas
  2 sleepcaps
  4 iguanas
  Ijyb (D:3)
  13 orc wizards
  Robin (D:4)
  5 adders
  14 gnolls
  4 dart slugs
  93 orcs
  6 ball pythons
  7 endoplasms
  4 giant cockroaches
  4 hobgoblins
  8 jackals
  4 quokkas
  5 bats
  6 frilled lizards
  18 goblins
  4 kobolds
  6 rats
388 creatures vanquished.

Notes
Turn   | Place    | Note
-------+----------+-------------------------------------------
     0 | D:1      | hikkokomori the Gargoyle Alchemist began the quest for the
                  | Orb.
     0 | D:1      | Reached XP level 1. HP: 10/10 MP: 3/3
   180 | D:1      | Reached XP level 2. HP: 13/16 MP: 0/5
   524 | D:1      | Reached skill level 1 in Fighting
   726 | D:1      | Reached XP level 3. HP: 12/20 MP: 1/6
  1088 | D:2      | Noticed Sigmund
  1103 | D:2      | Learned a level 2 spell: Mercury Vapours
  1107 | D:2      | Learned a level 3 spell: Mephitic Cloud
  1130 | D:2      | Killed Sigmund
  1131 | D:2      | Reached skill level 1 in Air Magic
  1131 | D:2      | Reached XP level 4. HP: 22/25 MP: 3/8
  1131 | D:2      | Reached XP level 5. HP: 26/29 MP: 3/9
  1550 | D:2      | Found a runed translucent door.
  1551 | D:2      | Noticed Crazy Yiuf
  1709 | D:2      | Reached XP level 6. HP: 32/34 MP: 6/10
  2291 | D:3      | Noticed Ijyb
  2310 | D:3      | Killed Ijyb
  2893 | D:4      | Reached XP level 7. HP: 28/38 MP: 5/12
  2961 | D:4      | Found a runed translucent door.
  2969 | D:4      | Noticed Strat's ghost (weakling GrFi)
  2995 | D:4      | Found a runed translucent door.
  3187 | D:4      | Noticed Robin
  3223 | D:4      | Killed Robin
  3515 | D:4      | Learned a level 4 spell: Olgreb's Toxic Radiance
  3597 | D:4      | Reached skill level 5 in Alchemy
  4186 | D:5      | Entered Level 5 of the Dungeon
  4224 | D:5      | Reached XP level 8. HP: 23/43 MP: 8/14
  4333 | D:5      | Reached skill level 2 in Fighting
  4340 | D:5      | Found a staircase to the Ecumenical Temple.
  4360 | D:5      | Identified the +5 scimitar of the Fifty Prophets {pain,
                  | rPois rCorr Int-3 SInv}
  4419 | Temple   | Entered the Ecumenical Temple
  4429 | Temple   | Became a worshipper of Vehumet
  4693 | D:5      | Learned a level 4 spell: Sticky Flame
  5255 | D:5      | You fall into a shaft and drop 2 floors!
  5278 | D:7      | Noticed a wyvern
  5291 | D:7      | Reached skill level 3 in Fighting
  5291 | D:7      | Killed a wyvern
  5292 | D:7      | Reached skill level 1 in Fire Magic
  5424 | D:7      | Found a glowing silver altar of Zin.
  5439 | D:7      | Reached skill level 5 in Spellcasting
  5451 | D:6      | Found the +6 Majin-Bo {spellvamp, MP+6 Int+6}
  5462 | D:6      | Reached XP level 9. HP: 46/52 MP: 13/16
  5758 | D:7      | Noticed Dowan
  5759 | D:7      | Noticed Duvessa
  5770 | D:7      | Killed Duvessa
  5771 | D:7      | Reached skill level 4 in Fighting
  5772 | D:7      | Killed Dowan
  5874 | D:7      | Reached skill level 5 in Stealth
  5989 | D:7      | Found Ymo Mufu's Armour Shop.
  6402 | D:8      | Found a flagged portal.
  6453 | Bailey   | Entered a bailey
  6475 | Bailey   | Reached * piety under Vehumet
  6475 | Bailey   | Offered knowledge of Kiss of Death by Vehumet.
  6515 | Bailey   | Reached skill level 5 in Fighting
  6606 | Bailey   | Reached XP level 10. HP: 59/59 MP: 10/19
  6696 | Bailey   | Identified the ring "Itza" {Ice rPois Str+4 Int-5}
  7032 | D:8      | Learned a level 5 spell: Lee's Rapid Deconstruction
  7070 | D:8      | Reached skill level 6 in Fighting
  7070 | D:8      | Reached skill level 1 in Earth Magic
  7084 | D:8      | Offered knowledge of Shock by Vehumet.
  7085 | D:8      | Reached ** piety under Vehumet
  8044 | D:9      | Reached skill level 1 in Staves
  8167 | D:9      | Found a hazy altar of Hepliaklqana.
  8167 | D:9      | Noticed a two-headed ogre
  8177 | D:9      | HP: 1/61 [two-headed ogre/+0 giant spiked club (13)]
  8181 | D:9      | Killed a two-headed ogre
  8182 | D:9      | Reached skill level 7 in Fighting
  8509 | D:9      | Offered knowledge of Hailstorm by Vehumet.
  8511 | D:9      | Reached XP level 11. HP: 67/67 MP: 20/22
  8799 | D:10     | Entered Level 10 of the Dungeon
  8844 | D:10     | Reached skill level 5 in Earth Magic
  8949 | D:10     | Reached *** piety under Vehumet
  9057 | D:10     | Noticed a two-headed ogre
  9062 | D:10     | Killed a two-headed ogre
  9063 | D:10     | Reached skill level 8 in Fighting
  9122 | D:10     | Found a staircase to the Orcish Mines.
  9186 | D:10     | Offered knowledge of Stone Arrow by Vehumet.
  9537 | Orc:1    | Entered Level 1 of the Orcish Mines
  9545 | Orc:1    | Noticed an orc knight
  9546 | Orc:1    | Reached **** piety under Vehumet
  9553 | Orc:1    | Offered knowledge of Iskenderun's Mystic Blast by Vehumet.
  9554 | Orc:1    | Killed an orc knight
  9560 | Orc:1    | Learned a level 4 spell: Iskenderun's Mystic Blast
  9686 | Orc:2    | Entered Level 2 of the Orcish Mines
  9707 | Orc:2    | Reached skill level 5 in Staves
  9740 | Orc:2    | Found a staircase to the Elven Halls.
  9844 | Orc:2    | Noticed an orc warlord
  9850 | Orc:2    | Noticed an orc sorcerer
  9857 | Orc:2    | Killed an orc sorcerer
  9857 | Orc:2    | Killed an orc warlord
  9858 | Orc:2    | Reached skill level 9 in Fighting
  9858 | Orc:2    | Reached XP level 12. HP: 76/76 MP: 22/24
  9873 | Orc:2    | Reached ***** piety under Vehumet
  9874 | Orc:2    | Offered knowledge of Flame Wave by Vehumet.
  9887 | Orc:2    | Noticed an orc high priest
  9893 | Orc:2    | Killed an orc high priest
 10004 | Orc:2    | Noticed an orc high priest
 10017 | Orc:2    | Noticed an orc high priest
 10021 | Orc:2    | Killed an orc high priest
 10021 | Orc:2    | Killed an orc high priest
 10030 | Orc:2    | Noticed an orc high priest
 10035 | Orc:2    | Noticed an orc high priest
 10036 | Orc:2    | Killed an orc high priest
 10037 | Orc:2    | Reached skill level 10 in Fighting
 10040 | Orc:2    | Noticed a soul eater
 10045 | Orc:2    | Killed an orc high priest
 10113 | Orc:2    | Found Ramanigu's Jewellery Shoppe.
 10116 | Orc:2    | Found Jyceskore's General Store.
 10117 | Orc:2    | Found Camy's Assorted Antiques.
 10118 | Orc:2    | Found Yxuqaple's Antique Weapon Emporium.
 10302 | Orc:1    | Noticed a two-headed ogre
 10313 | Orc:1    | Killed a two-headed ogre
 10314 | Orc:1    | Reached skill level 1 in Armour
 10693 | Orc:2    | Bought a ring of willpower for 400 gold pieces
 10760 | Elf:1    | Entered Level 1 of the Elven Halls
 10768 | Elf:1    | Reached XP level 13. HP: 67/83 MP: 14/26
 10769 | Elf:1    | Reached skill level 10 in Spellcasting
 10928 | Elf:1    | Noticed a deep elf sorcerer
 10940 | Elf:1    | Reached skill level 11 in Fighting
 10944 | Elf:1    | Killed a deep elf sorcerer
 11007 | Elf:1    | Slain by a +2 vampiric glaive

Illustrated notes

Levels and vault maps discovered:
D:1:      mrwooster_arrival_statue_3, layout_rooms, serial_bayou_lagoon_b
D:2:      layout_basic, small_statue_intersection, uniq_crazy_yiuf_cottage,
          uniq_sigmund
D:3:      layout_rooms, uniq_ijyb
D:4:      kb_forest_paths, layout_basic, serial_glass, glass_columns_b,
          glass_columns_a, ebering_ghost_sewer_f, uniq_robin
D:5:      black_bear_nest_2, layout_gridville, mainiacjoe_overflow_paths,
          minmay_temple_entry_enclosed_plants, glass_columns_b,
          nicolae_take_the_stairs, kennysheep_generic_room_6
D:6:      layout_gridville, nemelex_xobeh_ov_fountains_minmay,
          jmf_multi_god_temple2
D:7:      layout_rooms, kennysheep_little_box, serial_glass, glass_columns_c,
          glass_columns_b, serial_shops, nicolae_shop_tiny_waterfront,
          uniq_duvessa
D:8:      layout_loops_corners, enter_bailey_1
D:9:      layout_roguey, mainiacjoe_overflow_chevrons, minmay_misc_feat_x,
          nicolae_have_a_lightning_rod
D:10:     layout_roguey, orc_0_dummy, special_room [special_room_orc]
Temple:   nicolae_temple_x_marks_the_god
Orc:1:    layout_caves
Orc:2:    st_orc_pillars, layout_caves
Elf:1:    elf_arrival_002, layout_onion_city, serial_shops,
          nicolae_shop_back_alley_shop, shop, nicolae_shop_window_shopping,
          nicolae_elf_blasts_and_bolts, minmay_shoptagon

Skill      XL: |  1  2  3  4  5  6  7  8  9 10 11 12 13 |
---------------+----------------------------------------+-----
Fighting       | 1 3 5 7 9 10 11 | 11.1
Alchemy        | 3 4 5 6 |  6.8
Spellcasting   | 3 4 5 6 7 8 9 10 | 10.2
Conjurations   | 2 3 |  3.7
Air Magic      | 1 2 |  2.5
Stealth        | 4 6 7 |  7.0
Fire Magic     | 2 4 |  4.5
Earth Magic    | 4 7 9 |  9.2
Staves         | 3 5 7 |  7.3
Armour         | 2 3 |  3.7
Dodging        | 2 3 |  3.4

Action                     |  1- 3 |  4- 6 |  7- 9 | 10-12 | 13-15 || total
---------------------------+-------+-------+-------+-------+-------++-------
  Melee: Staff             |    18 |       |     3 |       |       ||    21
         Dagger            |    26 |    93 |   151 |       |       ||   270
         Punch             |       |     4 |     5 |     3 |       ||    12
         Bo                |       |       |    28 |   251 |     1 ||   280
         Scimitar          |       |       |       |     4 |       ||     4
   Cast: Sting             |    43 |    48 |   136 |    51 |     2 ||   280
         Mephitic Cloud    |     1 |     8 |    19 |    38 |     1 ||    67
         Mercury Vapours   |       |     2 |     5 |     6 |     1 ||    14
         Olgreb's Toxic Ra |       |       |    23 |    75 |     5 ||   103
         Sticky Flame      |       |       |     4 |     2 |       ||     6
         Lee's Rapid Decon |       |       |       |    13 |    10 ||    23
  Evoke: Wand              |       |       |     1 |     2 |     3 ||     6
         Lightning rod     |       |       |       |     7 |       ||     7
    Use: Scroll            |       |       |    13 |     4 |       ||    17
         Potion            |       |       |       |     1 |       ||     1
   Stab: Confused          |     1 |     5 |     6 |     9 |     1 ||    22
         Sleeping          |       |       |     2 |     1 |       ||     3
 Armour: Robe              |    32 |    58 |   114 |       |       ||   204
         Leather armour    |       |       |    30 |   244 |       ||   274
         Skin              |       |       |       |     4 |       ||     4
         Troll leather arm |       |       |       |     7 |    11 ||    18
  Dodge: Dodged            |    59 |    71 |   134 |   192 |     1 ||   457
